 Dungeon Crawl Stone Soup version 0.29.1-15-g9cfb28693d (webtiles) character file.

Game seed: 12222442712504894868

292 croobank the Sneak (level 6, -4/43 HPs)
             Began as an Octopode Delver on Feb 23, 2023.
             Was a Follower of the Shining One.
             Slain by Duvessa
             ... wielding a +0 short sword
              (13 damage)
             ... on level 5 of the Dungeon.
             The game lasted 00:07:00 (5106 turns).

croobank the Sneak (Octopode Delver)                Turns: 5106, Time: 00:07:01

Health: -4/43      AC:  1    Str: 11    XL:     6   Next: 33%
Magic:  8/8        EV: 14    Int: 15    God:    the Shining One [*.....]
Gold:   221        SH:  0    Dex: 13    Spells: 5/5 levels left

rFire   . . .      SeeInvis .   u - +0 war axe
rCold   . . .      Faith    .   (no shield)
rNeg    . . .      Spirit   .   (helmet restricted)
rPois   .          Reflect  .   (no amulet)
rElec   .          Harm     .   (no ring)
rCorr   .          Rampage  .   (no ring)
Will    .....                   (no ring)
Stlth   ++........              (no ring)
HPRegen 0.14/turn               (no ring)
MPRegen 0.11/turn               (no ring)
                                (no ring)
                                (no ring)

@: glowing
A: almost no armour, amphibious, 8 rings, camouflage 1, gelatinous body 1,
(nimble swimmer 1), tentacles
a: Renounce Religion, Divine Shield


You were on level 5 of the Dungeon.
You worshipped the Shining One.
The Shining One was aware of your devotion.
You visited 1 branch of the dungeon, and saw 6 of its levels.

You collected 221 gold pieces.

Inventory:

Hand Weapons
 a - a +0 hand axe
 k - a +2 long sword of holy wrath
 n - a +2 dagger of freezing
 u - a +0 war axe (weapon)
Missiles
 m - 5 boomerangs (quivered)
Wands
 f - a wand of digging (3)
Scrolls
 b - a scroll of fog
 c - a scroll of magic mapping
 d - a scroll of fear
 p - 3 scrolls of noise
 s - a scroll of teleportation
 v - 3 scrolls of summoning {unknown}
Potions
 e - a potion of haste
 g - 4 potions of heal wounds
 h - a potion of invisibility
 i - a potion of degeneration
 l - 2 potions of lignification
 o - 3 potions of berserk rage {unknown}
 q - 2 potions of magic {unknown}
 r - a potion of cancellation {unknown}
 t - 2 potions of flight {unknown}


   Skills:
 + Level 4.0 Fighting
 + Level 3.2 Axes
 + Level 3.3 Dodging
 + Level 7.7 Stealth
 * Level 2.9 Invocations


You had 5 spell levels left.
You didn't know any spells.
Your spell library was empty.

Dungeon Overview and Level Annotations

Branches:
Dungeon (6/15)             Temple (0/1) D:5

Altars:
Ashenzari
Cheibriados
Dithmenos
Elyvilon
Fedhas
Nemelex Xobeh
The Shining One

Annotations:
D:5 Dowan, Duvessa


Innate Abilities, Weirdness & Mutations

You cannot wear most types of armour.
You are amphibious.
You can wear up to eight rings at the same time.
Your skin changes colour to match your surroundings (Stealth+).
Your rubbery body absorbs attacks. (AC +1, EV +1)
((You are camouflaged when in or above water. (Stealth+)))
You have tentacles for arms and can constrict up to eight enemies at once.


Message History

A necrophage comes into view.
You hit Duvessa but do no damage. You grab Duvessa.
You constrict Duvessa, but do no damage.
Duvessa misses you.
You hit Duvessa but do no damage. You squeeze Duvessa.
Duvessa is lightly wounded.
You constrict Duvessa. Duvessa misses you.
Duvessa hits you with a +0 short sword!
Dowan points at Duvessa and mumbles some strange words.
Duvessa seems to speed up.
You slash Duvessa!
Duvessa is moderately wounded.
You constrict Duvessa.
Dowan gestures wildly while chanting.
Dowan blinks!
Duvessa misses you.
You hit Duvessa.
Duvessa is moderately wounded.
You constrict Duvessa. Duvessa hits you with a +0 short sword.
Duvessa hits you with a +0 short sword!
You hit Duvessa.
Duvessa is heavily wounded.
You constrict Duvessa, but do no damage.
Duvessa hits you with a +0 short sword.
You release your grip on Duvessa.
Duvessa attacks as you move away! Duvessa barely misses you.
Duvessa hits you with a +0 short sword.
You barely miss Duvessa. You grab Duvessa.
Duvessa is heavily wounded.
You constrict Duvessa. Duvessa hits you with a +0 short sword.
* * * LOW HITPOINT WARNING * * *
Okay, then.
As you read the scroll of fear, it crumbles to dust.
You assume a fearsome visage.
Duvessa resists with some effort.
Dowan looks frightened!
You constrict Duvessa.
Dowan mumbles some strange words.
Dowan blinks!
You hit Duvessa. You squeeze Duvessa, but do no damage.
Duvessa is severely wounded.
You constrict Duvessa. Duvessa misses you.
Duvessa hits you with a +0 short sword!
You die...

### #### ## ....
#.#.# .##.... #(#.#
....... #.#.#
..e.... #.#.#
.......
.#n#.#.......
#.#.#@#.#
.#.#e#.#######
.#.#ยง#.#.......
#.#.#.#.#########
.#.#.#.#........#
#.#.#.#.#.....#.#
#.#.#.#.#'.......#
#.#.#.#.#.#.....###
.#.#.#.#.#.######


You could see Duvessa (fast) and Dowan (fleeing).

Vanquished Creatures
  A scorpion (D:4)
  A jelly (D:4)
  A hound (D:4)
  A gnoll bouda (D:5)
  3 gnolls
  3 adders
  An ufetubus (D:4)
  2 worms (D:3)
  3 dart slugs
  3 orcs
  3 bats
  3 endoplasms
  5 giant cockroaches
  6 hobgoblins
  7 jackals
  2 quokkas
  6 ball pythons
  2 frilled lizards (D:1)
  7 goblins
  6 kobolds
  8 rats
74 creatures vanquished.

Notes
Turn   | Place    | Note
-------+----------+-------------------------------------------
     0 | D:5      | croobank the Octopode Delver began the quest for the Orb.
     0 | D:5      | Reached XP level 1. HP: 16/16 MP: 1/1
    13 | D:5      | Became a worshipper of the Shining One
   320 | D:3      | Found a shadowy altar of Dithmenos.
   544 | D:2      | Reached XP level 2. HP: 21/21 MP: 2/2
  1044 | D:1      | Reached XP level 3. HP: 26/26 MP: 3/3
  1091 | D:1      | Reached skill level 7 in Stealth
  1539 | D:2      | You fall into a shaft and drop 1 floor!
  1608 | D:2      | Reached * piety under the Shining One
  2516 | D:3      | Reached XP level 4. HP: 31/31 MP: 4/4
  3128 | D:3      | Reached skill level 1 in Invocations
  3316 | D:3      | Found a broken altar of Ashenzari.
  3317 | D:3      | Found a snail-covered altar of Cheibriados.
  3317 | D:3      | Found a white marble altar of Elyvilon.
  3318 | D:3      | Found a blossoming altar of Fedhas.
  3322 | D:3      | Found a sparkling altar of Nemelex Xobeh.
  3673 | D:4      | Reached XP level 5. HP: 27/37 MP: 4/6
  4284 | D:4      | Reached XP level 6. HP: 42/43 MP: 7/7
  4720 | D:5      | Found a staircase to the Ecumenical Temple.
  5092 | D:5      | Noticed Dowan
  5093 | D:5      | Noticed Duvessa
  5106 | D:5      | Slain by Duvessa

Illustrated notes

Levels and vault maps discovered:
D:1:      lightli_molten_gateway, layout_rooms, kennysheep_minor_cross
D:2:      layout_basic
D:3:      layout_basic, minitemple
D:4:      layout_basic
D:5:      layout_basic, nicolae_hepliaklqana_hippocampus,
          mainiacjoe_overflow_boulevard, minmay_temple_entry_arrows,
          uniq_edmund, uniq_blork_the_orc, uniq_duvessa
D:6:      layout_rooms, okawaru_gym_becter, nicolae_gozag_seed_capital,
          gammafunk_ghost_split, serial_shops, kennysheep_little_box,
          nicolae_ossuary_entry_plus

Skill      XL: |  1  2  3  4  5  6 |
---------------+-------------------+-----
Stealth        | 7 |  7.7
Invocations    | 1 2 |  2.9
Axes           | 3 |  3.2
Dodging        | 3 |  3.3
Fighting       | 4 |  4.0

Action                   |  1- 3 |  4- 6 || total
-------------------------+-------+-------++-------
Melee: Hand axe          |    86 |    37 ||   123
       Constrict         |    31 |    21 ||    52
       Tentacles         |    15 |    15 ||    30
       Punch             |     1 |     2 ||     3
       War axe           |       |    31 ||    31
Throw: Boomerang         |       |    11 ||    11
       Dart              |       |     2 ||     2
  Use: Scroll            |     5 |     7 ||    12
       Potion            |       |     1 ||     1
Armor: Skin              |     7 |     4 ||    11
Dodge: Dodged            |    53 |    47 ||   100
